 Dungeon Crawl Stone Soup version 0.30-a0-782-ge64f9170bb (webtiles) character file.

Game seed: 14911349641365803331

4508 112233 the Blocker (level 10, -3/72 HPs)
             Began as an Octopode Fighter on Feb 25, 2023.
             Was an Initiate of Gozag.
             Slain by a two-headed ogre
             ... wielding a +0 giant spiked club
              (18 damage)
             ... on level 9 of the Dungeon.
             The game lasted 00:11:51 (7799 turns).

112233 the Blocker (Octopode Fighter)               Turns: 7799, Time: 00:11:51

Health: -3/72      AC:  1    Str: 17    XL:     10   Next: 39%
Magic:  10/10      EV: 14    Int: 17    God:    Gozag
Gold:   207        SH: 16    Dex: 16    Spells: 5/9 levels left

rFire   . . .      SeeInvis .      - Unarmed
rCold   + . .      Faith    .    i - +0 tower shield
rNeg    + . .      Spirit   .    (helmet restricted)
rPois   .          Reflect  .    h - amulet of regeneration
rElec   +          Harm     .    g - +6 ring of dexterity
rCorr   .          Rampage  .    y - ring of willpower
Will    +....                    C - ring of Teacogos {rElec rN+ Str+2 Int+2 Dex-2}
Stlth   ++                       G - ring of protection from cold
HPRegen 1.12/turn                (no ring)
MPRegen 0.12/turn                (no ring)
                                 (no ring)
                                 (no ring)

@: no status effects
A: almost no armour, amphibious, 8 rings, camouflage 1, gelatinous body 1,
(nimble swimmer 1), tentacles
a: Renounce Religion, Potion Petition, Call Merchant, Bribe Branch


You were on level 9 of the Dungeon.
You worshipped Gozag.
Gozag was aware of your devotion.
You visited 1 branch of the dungeon, and saw 10 of its levels.

You collected 1230 gold pieces.
You spent 169 gold pieces at shops.
You paid 854 gold pieces to Gozag.

Inventory:

Hand Weapons
 v - the +1 dagger of Makhleb, Threshing {spect, Str-5 Dex+3 Stlth+}
   (You found it on level 3 of the Dungeon)

   Str:       It affects your strength (-5).
   Dex:       It affects your dexterity (+3).
   Stlth:     It makes you more stealthy.
Missiles
 u - 3 silver javelins
 w - 6 javelins
Armour
 a - a +0 buckler
 i - a +0 tower shield (worn)
Jewellery
 g - a +6 ring of dexterity (left tentacle)
 h - an amulet of regeneration (around mantle)
 n - an amulet of guardian spirit
 y - a ring of willpower (right tentacle)
 B - a +6 ring of strength
 C - the ring of Teacogos (on tentacle) {rElec rN+ Str+2 Int+2 Dex-2}
   (You found it on level 5 of the Dungeon)

   [ring of positive energy]

   Str:       It affects your strength (+2).
   Int:       It affects your intelligence (+2).
   Dex:       It affects your dexterity (-2).
   rElec:     It insulates you from electricity.
   rN:        It protects you from negative energy.
 G - a ring of protection from cold (on tentacle)
Wands
 b - a wand of flame (2) (quivered)
 t - a wand of digging (7)
 F - a wand of charming (13)
Scrolls
 c - 2 scrolls of fear
 d - 2 scrolls of butterflies
 e - 7 scrolls of noise
 f - 6 scrolls of enchant weapon
 j - 2 scrolls of teleportation
 k - 2 scrolls of magic mapping
 l - 4 scrolls of poison
 m - 4 scrolls of immolation
 o - 2 scrolls of enchant armour
 p - a scroll of blinking {unknown}
 q - a scroll of vulnerability
 A - 2 scrolls of fog
 I - 3 scrolls of identify
Potions
 r - 3 potions of flight
 s - a potion of invisibility
 x - 2 potions of brilliance
 z - 3 potions of ambrosia {unknown}
 D - 3 potions of mutation {unknown}
 E - a potion of attraction {unknown}
 H - a potion of cancellation {unknown}


   Skills:
 + Level 8.0 Fighting
 + Level 8.1 Dodging
 + Level 8.1 Shields
 + Level 7.7 Unarmed Combat


You had 5 spell levels left.
You knew the following spells:

 Your Spells              Type           Power      Damage    Failure   Level
a - Passwall              Tmut/Erth      0%         N/A       95%         2
b - Blink                 Tloc           0%         N/A       95%         2

Your spell library contained the following spells:

 Spells                   Type           Power      Damage    Failure   Level
 Lesser Beckoning         Tloc           0%         N/A       95%         2
 Momentum Strike          Conj/Tloc      0%         3d8       95%         2
 Ignite Poison            Fire/Tmut/Pois 0%         N/A       99%         3
 Kindle Blastsparks       Fire/Tloc/Air  0%         2d10      99%         3
 Cause Fear               Hex            0%         N/A       100%        4
 Borgnjor's Vile Clutch   Necr/Erth      0%         N/A       100%        5
 Freezing Cloud           Conj/Ice/Air   0%         6-21      100%        5
 Dragon Form              Tmut           0%         N/A       100%        7
 Ozocubu's Refrigeration  Ice            0%         4d7       100%        7
 Dragon's Call            Summ           0%         N/A       100%        9
 Simulacrum               Ice/Necr       Unusable   N/A       N/A         6

Dungeon Overview and Level Annotations

Branches:
Dungeon (10/15)            Temple (0/1) D:5             Orc (0/2) D:10
   Lair: D:8-11

Altars:
Ashenzari
Dithmenos
Elyvilon
Gozag
Ru
Trog
Uskayaw
Vehumet
Yredelemnul
Zin

Shops:
D:4 :([?(   D:6 =

Annotations:
D:3 exclusion: statue
D:5 exclusion: downstairs
D:7 1 runed translucent door, exclusion: downstairs
D:9 exclusion: upstairs


Innate Abilities, Weirdness & Mutations

You cannot wear most types of armour.
You are amphibious.
You can wear up to eight rings at the same time.
Your skin changes colour to match your surroundings (Stealth+).
Your rubbery body absorbs attacks. (AC +1, EV +1)
((You are camouflaged when in or above water. (Stealth+)))
You have tentacles for arms and can constrict up to eight enemies at once.


Message History

The black bear is severely wounded.
You constrict the black bear. You block the black bear's attack.
The black bear misses you. x2; The black bear bites you.
You block the black bear's attack. x2
You tentacle-slap the black bear.
You kill the black bear!
You now have 200 gold pieces (gained 4).
You now have 207 gold pieces (gained 7).
Things that are here:
a +0 leather armour; a +0 whip A yak comes into view.
The two-headed ogre shouts in stereo!
You hear a shout!
An orc comes into view. It is wielding a +0 hand axe.
There are monsters nearby!
There is a stone staircase leading up here.
Unknown command.
The puff of flame hits the two-headed ogre.
The two-headed ogre is lightly wounded.
The puff of flame hits the two-headed ogre.
The two-headed ogre is lightly wounded.
The puff of flame hits the two-headed ogre.
The two-headed ogre is lightly wounded.
The puff of flame hits the two-headed ogre.
The two-headed ogre is moderately wounded.
The puff of flame hits the two-headed ogre.
The two-headed ogre is moderately wounded.
You tentacle-slap the two-headed ogre. You squeeze the two-headed ogre!
The two-headed ogre is heavily wounded.
The two-headed ogre closely misses you. You block the two-headed ogre's attack.
You barely miss the two-headed ogre. You squeeze the two-headed ogre.
The two-headed ogre is heavily wounded.
The two-headed ogre hits you with a +0 giant spiked club!!
The two-headed ogre hits you with a +0 giant club!
You bludgeon the two-headed ogre! You squeeze the two-headed ogre!
The two-headed ogre is almost dead.
The two-headed ogre hits you with a +0 giant spiked club!!
* * * LOW HITPOINT WARNING * * *
The two-headed ogre hits you with a +0 giant club!!
You die...
Your body crumbles into a pile of gold.

...........#.........#
##.........#.........#
...........#.........#
##...................#
###..................#
....#.###.##.........#
#####...#............#
###........O.....#
#.........@....#
#.......########
#....[..# ##.....##
##.....## #.......#
#.......# #.......#
##...>.##


You could see a two-headed ogre.

Vanquished Creatures
  Pikel (D:6)
  Eustachio (D:4)
  A steam dragon (D:9)
  Edmund (D:6)
  An acid dragon (D:9)
  2 water moccasins (D:7)
  Duvessa (D:7)
  An orc warrior (D:9)
  An ogre (D:5)
  4 black bears
  2 centaurs
  A kobold brigand (D:10)
  3 phantoms
  6 bullfrogs
  A gnoll sergeant (D:6)
  4 scorpions
  A necrophage (D:5)
  Dowan (D:7)
  6 wights
  4 killer bees
  8 howler monkeys
  6 hounds
  3 iguanas (D:6)
  A gnoll bouda (D:8)
  Natasha (thrice) (D:2)
  2 orc wizards
  8 gnolls
  8 adders
  2 white imps
  An ufetubus (D:6)
  A worm (D:2)
  5 dart slugs
  24 orcs
  3 bats
  3 endoplasms
  2 giant cockroaches (D:2)
  2 goblins
  7 hobgoblins
  3 jackals (D:3)
  9 kobolds
  6 quokkas
  11 ball pythons
  4 frilled lizards
  5 rats
170 creatures vanquished.

Vanquished Creatures (others)
  An orc wizard (D:9)
  An orc (D:9)
  14 fungi (D:9)
  17 plants (D:9)
33 creatures vanquished.

Grand Total: 203 creatures vanquished

Notes
Turn   | Place    | Note
-------+----------+-------------------------------------------
     0 | D:1      | 112233 the Octopode Fighter began the quest for the Orb.
     0 | D:1      | Reached XP level 1. HP: 16/16 MP: 1/1
   108 | D:1      | Reached XP level 2. HP: 21/21 MP: 2/2
   667 | D:1      | Reached XP level 3. HP: 26/26 MP: 3/3
  1346 | D:2      | Reached XP level 4. HP: 5/31 MP: 4/4
  1491 | D:2      | Noticed Natasha
  1495 | D:2      | Killed Natasha
  1523 | D:2      | Found a white marble altar of Elyvilon.
  1750 | D:2      | Noticed Natasha
  1758 | D:2      | Killed Natasha
  1759 | D:2      | Reached XP level 5. HP: 23/37 MP: 5/5
  1773 | D:2      | Noticed Natasha
  1779 | D:2      | Killed Natasha
  2068 | D:3      | Found a hide-covered altar of Uskayaw.
  2069 | D:3      | Found a bloodstained altar of Trog.
  2382 | D:3      | Found a radiant altar of Vehumet.
  2382 | D:3      | Noticed a charred statue
  2389 | D:3      | Identified the +1 dagger of Makhleb, Threshing {spect,
                  | Str-5 Dex+3 Stlth+}
  2434 | D:3      | Got the Atlas of Cleavage and the Winter
  2438 | D:3      | Learned a level 2 spell: Passwall
  2646 | D:4      | Found a glowing silver altar of Zin.
  2702 | D:4      | Found an opulent altar of Gozag.
  2717 | D:4      | Became a worshipper of Gozag Ym Sagoz the Greedy
  2725 | D:4      | Noticed Eustachio
  2733 | D:4      | Killed Eustachio
  2734 | D:4      | Reached XP level 6. HP: 20/44 MP: 6/6
  2951 | D:4      | Reached XP level 7. HP: 32/49 MP: 7/7
  2993 | D:4      | Found Haveud's Antique Armour Emporium.
  3182 | D:4      | Found Haulihut's Book Shop.
  3249 | D:4      | Found Dymukk's Magic Scroll Emporium.
  3266 | D:4      | Found Plog's Antique Weapon Emporium.
  3284 | D:4      | Bought a scroll of identify for 26 gold pieces
  3284 | D:4      | Bought a scroll of identify for 26 gold pieces
  3284 | D:4      | Bought a scroll of identify for 26 gold pieces
  3284 | D:4      | Bought a scroll of fog for 52 gold pieces
  3284 | D:4      | Bought a scroll of teleportation for 39 gold pieces
  3478 | D:4      | Found Kawugheq's Weapon Shoppe.
  3723 | D:5      | Entered Level 5 of the Dungeon
  3739 | D:5      | Identified the ring of Teacogos {rElec rN+ Str+2 Int+2
                  | Dex-2}
  3748 | D:5      | Reached skill level 5 in Fighting
  3748 | D:5      | Reached skill level 5 in Dodging
  3748 | D:5      | Reached skill level 5 in Shields
  3848 | D:5      | Found a staircase to the Ecumenical Temple.
  3922 | D:5      | Found a broken altar of Ashenzari.
  3971 | D:5      | Reached XP level 8. HP: 55/55 MP: 8/8
  4357 | D:5      | Reached skill level 5 in Unarmed Combat
  4662 | D:6      | Noticed Edmund
  4915 | D:6      | Noticed Pikel
  4924 | D:6      | Killed Pikel
  4925 | D:6      | Reached XP level 9. HP: 32/63 MP: 9/9
  5218 | D:6      | Found Xefueth's Jewellery Emporium.
  5352 | D:6      | Killed Edmund
  5461 | D:7      | Found a sacrificial altar of Ru.
  5601 | D:7      | Found a runed translucent door.
  5605 | D:7      | Found a basalt altar of Yredelemnul.
  5627 | D:7      | Noticed Dowan
  5958 | D:7      | Noticed Duvessa
  5978 | D:7      | Killed Duvessa
  6043 | D:7      | Killed Dowan
  6398 | D:7      | Identified the +4 short sword of the Key {freeze, *Noise
                  | rElec rF+ Int+2}
  6789 | D:7      | Reached XP level 10. HP: 63/71 MP: 10/10
  7123 | D:9      | Found a shadowy altar of Dithmenos.
  7358 | D:9      | Noticed a two-headed ogre
  7379 | D:10     | Entered Level 10 of the Dungeon
  7414 | D:10     | Found a staircase to the Orcish Mines.
  7418 | D:10     | Learned a level 2 spell: Blink
  7799 | D:9      | Slain by a two-headed ogre

Illustrated notes

Levels and vault maps discovered:
D:1:      ncdulo_wetmaze, layout_loops_corners, kennysheep_pointless_box
D:2:      layout_basic, basic_altar, uniq_natasha
D:3:      layout_basic, nicolae_overflow_squiral, vehumet_statue, moated_statue
D:4:      minmay_octagon_keep, layout_loops_cross, grunt_gozag_statues,
          mainiacjoe_overflow_cross_hatched, serial_shops,
          nicolae_shop_behind_doors, shop, kennysheep_little_box, shop,
          shop_scrolls, st_stairs_9, nrook_mini_backslash, uniq_eustachio
D:5:      layout_gridville, ashenzari_conservatory_becter,
          minmay_temple_entry_glass
D:6:      layout_basic, serial_shops, shop, minivault_24, uniq_pikel,
          uniq_edmund
D:7:      layout_basic, dk_yredelemnul_ordeal, mainiacjoe_overflow_brackets,
          serial_glass, glass_columns_a, glass_columns_c, glass_columns_a,
          glass_columns_b, glass_columns_a, glass_columns_a, glass_columns_b,
          glass_columns_a, glass_columns_b, glass_columns_b, uniq_duvessa
D:8:      layout_cave_pools, fedhas_bush_and_centaur_altar
D:9:      layout_rooms, old_standard_altar, grunt_lair_entry_orc_guard_hut,
          enter_bailey_2
D:10:     layout_small_grid, orc_0_dummy, hangedman_tell_no_tales

Skill      XL: |  1  2  3  4  5  6  7  8  9 10 |
---------------+-------------------------------+-----
Unarmed Combat | 3 4 6 7 |  7.7
Shields        | 4 5 6 7 8 |  8.1
Fighting       | 4 5 6 7 8 |  8.0
Dodging        | 4 5 6 7 8 |  8.1

Action                     |  1- 3 |  4- 6 |  7- 9 | 10-12 || total
---------------------------+-------+-------+-------+-------++-------
  Melee: Unarmed           |    64 |    93 |   261 |    92 ||   510
         Constrict         |    17 |    23 |    60 |    17 ||   117
         Tentacles         |    15 |    22 |    66 |    34 ||   137
         Punch             |     1 |     2 |    13 |     7 ||    23
  Throw: Javelin           |       |       |       |     2 ||     2
 Invoke: Potion Petition   |       |       |       |     2 ||     2
  Evoke: Wand              |       |       |       |    14 ||    14
    Use: Potion            |       |     2 |     1 |     4 ||     7
         Scroll            |       |       |     9 |     3 ||    12
   Stab: Sleeping          |    10 |     9 |     3 |       ||    22
         Distracted        |       |     1 |     1 |       ||     2
 Armour: Skin              |     1 |     3 |     7 |     2 ||    13
  Dodge: Dodged            |    26 |    31 |    76 |    49 ||   182
  Block: Buckler           |     8 |       |       |       ||     8
         Tower shield      |    19 |    75 |   198 |   100 ||   392

Table legend: (Time is in decaauts)
 A = Elapsed time spent in this place.
 B = Non-inter-level travel time spent in this place.
 C = Inter-level travel time spent in this place.
 D = Time resting spent in this place.
 E = Time spent auto-exploring this place.
 F = Levels seen in this place.
 G = Mean time per level.
                   A        B        C        D        E       F      G
               +--------+--------+--------+--------+--------+-----+--------+
         Total |   7890 |   7200 |    690 |    514 |   5075 |  10 |  789.0 |
       Dungeon |   7890 |   7200 |    690 |    514 |   5075 |  10 |  789.0 |
               +--------+--------+--------+--------+--------+-----+--------+

Top non-repeatable levels by time:
     D:7: 1306 daAuts
     D:4: 1099 daAuts
     D:5: 1096 daAuts
     D:2: 1064 daAuts
     D:1: 953 daAuts
     D:3: 659 daAuts
     D:6: 650 daAuts
     D:9: 548 daAuts
     D:8: 273 daAuts
    D:10: 239 daAuts
